 Dungeon Crawl Stone Soup version 0.27.1-34-g3ba077fa99 (webtiles) character file.

Game seed: 1747413444884945908

61 hawla the Conjurer (level 3, -4/29 HPs)
             Began as a Draconian Conjurer on Jan 17, 2022.
             Slain by an iguana (7 damage)
             ... on level 4 of the Dungeon on Jan 18, 2022.
             The game lasted 00:06:29 (2461 turns).

hawla the Conjurer (Draconian Conjurer)             Turns: 2461, Time: 00:06:29

Health: -4/29      AC:  5    Str:  8 (9)  XL:     3   Next: 83%
Magic:  6/7        EV: 12    Int: 17 (19) God:
Gold:   90         SH:  0    Dex:  8 (9)  Spells: 4/7 levels left

rFire    . . .     SeeInvis .   c - +0 dagger
rCold    . . .     Faith    .   (no shield)
rNeg     . . .     Spirit   .   (armour unavailable)
rPois    .         Reflect  .   (helmet restricted)
rElec    .         Harm     .   (no cloak)
rCorr    .         Rampage  .   (no gloves)
Will     .....                  (no boots)
Stlth    ++........             i - amulet of magic regeneration
HPRegen  0.09/turn              (no ring)
MPRegen  0.35/turn              (no ring)

@: very slightly contaminated, invisible
A: AC +5, unfitting armour, cold-blooded
a: no special abilities


You were on level 4 of the Dungeon.
You visited 1 branch of the dungeon, and saw 4 of its levels.

You collected 90 gold pieces.

Inventory:

Hand Weapons
 c - a +0 dagger (weapon)
Missiles
 h - 14 poisoned darts (quivered)
 j - 2 boomerangs
Jewellery
 i - an amulet of magic regeneration (around neck)
Scrolls
 f - 2 scrolls of identify
Potions
 a - a potion of might
 d - a potion of invisibility
 e - a potion of mutation {unknown}
 g - 3 potions of flight {unknown}


   Skills:
 + Level 1.9 Fighting
 - Level 2.0 Dodging
 - Level 2.0 Stealth
 + Level 2.6 Spellcasting
 - Level 4.0 Conjurations
 + Level 1.7 Translocations


You had 4 spell levels left.
You knew the following spells:

 Your Spells              Type           Power      Damage    Failure   Level
a - Magic Dart            Conj           60%        1d6       3%          1
b - Searing Ray           Conj           30%        3d4       5%          2

Your spell library contained the following spells:

 Spells                   Type           Power      Damage    Failure   Level
 Dazzling Flash           Conj/Hex       18%        N/A       24%         3
 Iskenderun's Mystic Bla  Conj/Tloc      11%        2d4       50%         4
 Fulminant Prism          Conj/Hex       4%         3d6       61%         4


Dungeon Overview and Level Annotations

Branches:
Dungeon (4/15)
 Temple: D:4-7

Altars:

Shops:
D:2 =


Innate Abilities, Weirdness & Mutations

Your plain brown scales are hard. (AC +5)
You cannot fit into any form of body armour.
You are cold-blooded and may be slowed by cold attacks.


Message History

Your magical contamination has completely faded away.
You climb downwards.
The iguana bites you but does no damage.
There is a stone staircase leading up here.
Casting: Searing Ray (safe; 4% risk of failure)
Confirm with . or Enter, or press ? or * to list all spells.
Aiming: Searing Ray (safe; 4% risk of failure)
Press: ? - help, Shift-Dir - straight line, f - iguana
Aim: an iguana (81% to hit)
You miscast Searing Ray.
You are very lightly contaminated with residual magic.
Nothing appears to happen.
The iguana bites you!
Unknown command.
The iguana bites you but does no damage.
Casting: Searing Ray (safe; 4% risk of failure)
Confirm with . or Enter, or press ? or * to list all spells.
You don't know that spell.
Casting: Searing Ray (safe; 4% risk of failure)
Confirm with . or Enter, or press ? or * to list all spells.
Aiming: Searing Ray (safe; 4% risk of failure)
Press: ? - help, Shift-Dir - straight line, f/p - iguana
Aim: an iguana (81% to hit)
You miscast Searing Ray.
Nothing appears to happen.
The iguana bites you.
Unknown command.
The iguana bites you.
As you read the scroll labelled PYIN DO RANALE, it crumbles to dust.
It is a scroll of enchant armour.
You aren't carrying any armour which can be enchanted further.
The iguana barely misses you.
It was a potion of degeneration.
There was something very wrong with that liquid.
You feel weakened.
You feel dopey.
You feel clumsy. The iguana bites you!
* * * LOW HITPOINT WARNING * * *
It was a potion of invisibility.
You fade into invisibility!
The iguana barely misses you.
Okay, then.
The iguana bites you!
You die...

#### #..#
#..# #..#
#..# .
#..#
.[..##..#
...)..l@#
.....####
... .


You could see an iguana.

Vanquished Creatures
  2 adders
  A worm (D:2)
  An orc (D:3)
  An endoplasm (D:2)
  A giant cockroach (D:2)
  4 goblins
  7 hobgoblins
  2 quokkas (D:2)
  4 ball pythons
  4 bats
  6 kobolds
  4 rats
37 creatures vanquished.

Notes
Turn   | Place    | Note
-------+----------+-------------------------------------------
     0 | D:1      | hawla the Draconian Conjurer began the quest for the Orb.
     0 | D:1      | Reached XP level 1. HP: 14/14 MP: 3/3
   349 | D:1      | You fall into a shaft and drop 1 floor!
   351 | D:2      | Reached XP level 2. HP: 22/22 MP: 3/5
   962 | D:2      | Reached skill level 1 in Fighting
   989 | D:2      | Learned a level 2 spell: Searing Ray
  1013 | D:2      | Reached skill level 1 in Translocations
  1105 | D:2      | Found a faded altar of an unknown god.
  1197 | D:2      | Reached XP level 3. HP: 28/28 MP: 3/6
  1296 | D:2      | Found Raidoamo's Jewellery Shop.
  2445 | D:4      | Noticed an ogre
  2461 | D:4      | Slain by an iguana

Illustrated notes

Levels and vault maps discovered:
D:1:      ncdulo_wetmaze, layout_rooms, minmay_tree_intersection
D:2:      layout_loops_ring, hellmonk_ecumenical_altar_zigzags, serial_shops,
          nicolae_diamond_shop
D:3:      layout_basic
D:4:      layout_basic, minitemple

Skill      XL: |  1  2 |
---------------+-------+-----
Stealth        | 2 |  2.0
Dodging        | 2 |  2.0
Fighting       | 1 |  1.9
Translocations | 1 |  1.7
Spellcasting   | |  2.6
Conjurations   | |  4.0

Action                   || total
-------------------------++-------
Melee: Unarmed           ||     6
       Dagger            ||    45
       Tailslap          ||     3
Throw: Dart              ||     1
 Cast: Magic Dart        ||    37
       Searing Ray       ||    14
  Use: Scroll            ||     5
       Potion            ||     2
 Stab: Sleeping          ||     1
Armor: Skin              ||    18
Dodge: Dodged            ||    43
